 Dungeon Crawl Stone Soup version 0.28.0-53-g5a82cb258f (webtiles) character file.

Game seed: 16346109641865095836

47 Jerry the Skirmisher (level 3, -4/20 HPs)
             Began as a Vine Stalker Fighter on July 30, 2022.
             Succumbed to a goblin's poison
             ... on level 2 of the Dungeon.
             The game lasted 00:04:00 (1148 turns).

Jerry the Skirmisher (Vine Stalker Fighter)         Turns: 1148, Time: 00:04:01

Health: -4/20      AC:  6    Str: 18    XL:     3   Next: 70%
Magic:  0/4        EV:  9    Int:  8    God:
Gold:   34         SH:  6    Dex: 21    Spells: 2/2 levels left

rFire   . . .      SeeInvis .   n - +4 dagger
rCold   . . .      Faith    .   c - +0 buckler
rNeg    . . .      Spirit   +   b - +0 scale mail
rPois   .          Reflect  .   (no helmet)
rElec   .          Harm     .   (no cloak)
rCorr   .          Rampage  .   (no gloves)
Will    .....                   (no boots)
Stlth   ..........              (no amulet)
HPRegen 0.06/turn               i - +6 ring of dexterity
MPRegen 0.09/turn               (no ring)

@: lethally poisoned (-4 -> -34)
A: fangs 2, magic shield, antimagic bite, no potion heal 2
a: no special abilities


You were on level 2 of the Dungeon.
You visited 1 branch of the dungeon, and saw 2 of its levels.

You collected 34 gold pieces.

Inventory:

Hand Weapons
 a - a +0 rapier
 n - a +4 dagger (weapon)
Armour
 b - a +0 scale mail (worn)
 c - a +0 buckler (worn)
Jewellery
 i - a +6 ring of dexterity (left hand)
Scrolls
 h - a scroll of fear {unknown}
 j - a scroll of teleportation {unknown}
 k - a scroll of torment {unknown}
 m - a scroll of enchant weapon {unknown}
Potions
 d - a potion of might
 e - a potion of heal wounds {unknown}
 f - a potion of haste {unknown}
 g - a potion of mutation {unknown}
 l - a potion of curing {unknown}


   Skills:
 + Level 3.1 Fighting
 + Level 2.2 Short Blades
 + Level 2.8 Armour
 + Level 3.1 Shields


You had 2 spell levels left.
You didn't know any spells.
Your spell library contained the following spells:

 Spells                   Type           Power      Damage    Failure   Level
 Ozocubu's Armour         Ice            0%         N/A       99%         3
 Metabolic Englaciation   Hex/Ice        0%         N/A       100%        5
 Simulacrum               Ice/Necr       0%         N/A       100%        6


Dungeon Overview and Level Annotations

Branches:
Dungeon (2/15)

Altars:


Innate Abilities, Weirdness & Mutations

You have extremely sharp teeth.
When hurt, damage is shared between your health and your magic reserves.
Your bite disrupts and absorbs the magic of your enemies.
Potions cannot restore your health.


Message History

You kill the goblin!
Robin roars a battlecry!
The hobgoblin goes into a battle-frenzy! 2 goblins and a giant cockroach come into view.
The goblin shouts! x2; You hear a shout!
Robin throws the goblin at you!
There is an open door, spattered with blood here.
Items here: ))) ††.
You hit Robin. You bite Robin, but do no damage.
Robin is moderately wounded.
The goblin closely misses you. Robin hits you but does no damage.
You barely miss Robin. You bite Robin. You drain their power.
You feel invigorated.
Robin is heavily wounded.
The goblin completely misses you. Robin throws the goblin at you!
You hit Robin.
Robin is almost dead.
The goblin barely misses you.
The goblin hits you with a +1 dagger of venom.
You are poisoned.
Robin hits you with a +0 spear.
You hit Robin.
Robin is almost dead.
You feel very sick.
The goblin no longer looks unusually strong.
You block the goblin's attack.
The goblin hits you with a +1 dagger of venom.
You are more poisoned.
You block the goblin's attack.
You hit Robin.
Robin is almost dead.
* * * LOW HITPOINT WARNING * * *
You feel very sick.
The goblin hits you but does no damage. x2
You are more poisoned.
The goblin hits you with a +0 club.
* * * LOW HITPOINT WARNING * * *
You hit Robin.
You kill Robin!
You die...

### ... ..###+####
#........# ........#
#################g......#
#...........##)g@gB.....#
#.########.###.##)g.?...#
#.# #.# #.##.g.....# #.#
#.# #.##........# #.# #.#
#.###......#. #.#
..#.###.# +.....#.. #.#
#.#.....# #.....# ≈ #.#
#.#.#...# #....... #.#
#.###.#.# #.....#≈≈


You could see a giant cockroach, a hobgoblin (strong) and 4 goblins.

Vanquished Creatures
  Robin (D:2)
  An adder (D:2)
  A dart slug (D:1)
  A ball python (D:2)
  4 bats
  2 endoplasms (D:1)
  7 goblins (D:2)
  2 hobgoblins (D:2)
  3 jackals (D:2)
  2 kobolds (D:1)
  3 quokkas (D:1)
  3 frilled lizards
  3 rats
33 creatures vanquished.

Notes
Turn   | Place    | Note
-------+----------+-------------------------------------------
     0 | D:1      | Jerry the Vine Stalker Fighter began the quest for the Orb.
     0 | D:1      | Reached XP level 1. HP: 11/11 MP: 2/2
   183 | D:1      | Reached XP level 2. HP: 16/16 MP: 3/3
   730 | D:2      | Reached XP level 3. HP: 6/20 MP: 1/4
  1122 | D:2      | Noticed Robin
  1148 | D:2      | Killed Robin
  1148 | D:2      | Succumbed to a goblin's poison

Illustrated notes

Levels and vault maps discovered:
D:1:      giann_horns, layout_rooms, minmay_close_crescents
D:2:      layout_basic, shapermc_ecumenical_altar_starsandcircs, uniq_robin

Skill      XL: |  1  2 |
---------------+-------+-----
Short Blades   | 2 |  2.2
Fighting       | 3 |  3.1
Shields        | 3 |  3.1
Armour         | |  2.8

Action                   || total
-------------------------++-------
Melee: Rapier            ||    50
       Bite              ||    15
       Dagger            ||    31
Armor: Scale mail        ||    33
Dodge: Dodged            ||    24
Block: Buckler           ||    18
